 Dungeon Crawl Stone Soup version 0.26-a0-597-gb535b0901c (webtiles) character file.

Game seed: 12215595147241317072

44 ANON1729 the Sneak (level 3, -7/29 HPs)
             Began as a Demonspawn Delver on Aug 25, 2020.
             Mangled by an orc
             ... wielding a +1 dagger of electrocution
              (19 damage)
             ... on level 3 of the Dungeon.
             The game lasted 00:03:25 (1899 turns).

ANON1729 the Sneak (Demonspawn Delver)              Turns: 1899, Time: 00:03:26

Health: -7/29      AC:  4    Str: 13    XL:     3   Next: 41%
Magic:  3/3        EV: 11    Int: 11    God:
Gold:   48         SH:  0    Dex: 14    Spells: 2/2 levels left

rFire    . . .     SeeInvis .   a - +0 falchion
rCold    . . .     Faith    .   (no shield)
rNeg     . . .     Spirit   .   b - +0 leather armour
rPois    .         Reflect  .   (helmet restricted)
rElec    .         Harm     .   (no cloak)
rCorr    .                      (no gloves)
MR       .....                  o - +0 pair of boots (curse)
Stlth    ++........             (no amulet)
HPRegen  0.09/turn              (no ring)
MPRegen  0.08/turn              (no ring)

@: drained
A: antennae 1, talons 1
a: no special abilities


You were on level 3 of the Dungeon.
You visited 2 branches of the dungeon, and saw 4 of its levels.

You collected 48 gold pieces.

Inventory:

Hand Weapons
 a - a +0 falchion (weapon)
Armour
 b - a +0 leather armour (worn)
 o - a cursed +0 pair of boots (worn)
Jewellery
 n - an uncursed ring of poison resistance {unknown}
Wands
 g - a wand of digging (3)
Scrolls
 c - a scroll of fog
 d - a scroll of magic mapping
 e - a scroll of fear
 h - a scroll of noise {unknown}
 j - a scroll of enchant armour {unknown}
 k - 3 scrolls of identify {unknown}
 m - 2 scrolls of teleportation {unknown}
Potions
 f - a potion of haste
 i - a potion of heal wounds {unknown}
 l - a potion of invisibility {unknown}


   Skills:
 + Level 3.4(2.5) Fighting
 - Level 2.0(1.2) Long Blades
 + Level 0.7(0.0) Armour
 + Level 2.2(1.4) Dodging
 + Level 4.8(3.9) Stealth
 + Level 0.6(0.0) Unarmed Combat


You had 2 spell levels left.
You didn't know any spells.
Your spell library contained the following spells:

 Spells                   Type           Power        Failure   Level
 Corona                   Hex            #......      41%         1
 Ensorcelled Hibernation  Hex/Ice        #.....       56%         2
 Confusing Touch          Hex            #.......     80%         3
 Dazzling Flash           Conj/Hex       #.....       80%         3
 Tukima's Dance           Hex            #.......     80%         3


Dungeon Overview and Level Annotations

Branches:
Dungeon (5/15)             Temple (1/1) D:4

Altars:
Ashenzari
Cheibriados
Dithmenos
Elyvilon
Fedhas
Gozag
Hepliaklqana
Kikubaaqudgha
Makhleb
Sif Muna
Trog
Vehumet
Wu Jian
Yredelemnul
The Shining One

Annotations:
D:4 1 runed translucent door, Crazy Yiuf


Innate Abilities, Weirdness & Mutations

You have a pair of small antennae on your head.
You have sharp toenails.


Message History

You kill the orc!
The orc throws a boomerang of dispersal.
The boomerang of dispersal closely misses you.
You hit the orc.
The orc is moderately wounded.
The orc hits you with a +1 dagger of electrocution.
You are electrocuted!
Ouch! That really hurt!
You are too injured to fight recklessly!
You are too injured to fight recklessly!
You are too injured to fight recklessly!
You are too injured to fight recklessly!
You are too injured to fight recklessly!
You are too injured to fight recklessly!
You closely miss the orc.
The orc is moderately wounded.
The orc hits you with a +1 dagger of electrocution.
You are electrocuted!!
Ouch! That really hurt!
You die...

..... ..........
#.#.#####.#..#..#.
#.................
..........#.......
#......# #....... ...
#o.....# #..#.### ....
#oo....# #..#.# ....#####
#o###### #..#.###
......[.####@#### #..#.##.
.......#.......# #..#.#..
#....#.......# #..#.#..
#...{#.......######..#.#..
+...†'....................
#....####.########.....#..
#....# #<########..#(.#..
#....# ##................
#....# ########.###.#..


You could see 4 orcs.

Vanquished Creatures
  An adder (D:3)
  A leopard gecko (D:3)
  7 orcs
  2 giant cockroaches (D:3)
  A goblin (D:3)
  A hobgoblin (D:3)
  4 jackals (D:3)
  A kobold (D:3)
  2 quokkas
  A ball python (D:3)
  A leopard gecko skeleton (D:4)
  3 rats (D:3)
25 creatures vanquished.

Notes
Turn   | Place    | Note
-------+----------+-------------------------------------------
     0 | D:5      | ANON1729 the Demonspawn Delver began the quest for the Orb.
     0 | D:5      | Reached XP level 1. HP: 18/18 MP: 1/1
    96 | D:5      | Gained mutation: You have a pair of small antennae on your
                  | head. [demonic ancestry]
    96 | D:5      | Reached XP level 2. HP: 3/24 MP: 2/2
   494 | D:5      | Noticed an ogre
   546 | D:4      | Found a runed translucent door.
   547 | D:4      | Noticed Crazy Yiuf
   645 | D:4      | Found a staircase to the Ecumenical Temple.
   654 | Temple   | Entered the Ecumenical Temple
  1403 | D:3      | Gained mutation: You have sharp toenails. [demonic
                  | ancestry]
  1403 | D:3      | Reached XP level 3. HP: 26/29 MP: 3/3
  1899 | D:3      | Mangled by an orc

Illustrated notes

Levels and vault maps discovered:
D:3:      layout_basic
D:4:      layout_loops_ring, temple_green, uniq_crazy_yiuf_cottage
D:5:      layout_basic, old_standard_altar, minmay_misc_feat_ornament,
          small_statue_intersection, grunt_ministairs_15, uniq_edmund
Temple:   regret_index_temple_generic_petals

Skill      XL: |  1 |
---------------+----+-----
Long Blades    | 2 |  2.0
Dodging        | 2 |  2.2
Fighting       | |  3.4
Armour         | |  0.7
Stealth        | |  4.8
Unarmed Combat | |  0.6

Action                   || total
-------------------------++-------
Melee: Falchion          ||    88
 Stab: Sleeping          ||     5
Armor: Leather armour    ||    33
Dodge: Dodged            ||    77
       Rpst.: Falchion   ||    23

Table legend: (Time is in decaauts)
 A = Elapsed time spent in this place.
 B = Non-inter-level travel time spent in this place.
 C = Inter-level travel time spent in this place.
 D = Time resting spent in this place.
 E = Time spent auto-exploring this place.
 F = Levels seen in this place.
 G = Mean time per level.
                   A        B        C        D        E       F      G
               +--------+--------+--------+--------+--------+-----+--------+
         Total |   1917 |   1864 |     53 |    939 |    621 |   4 |  479.2 |
       Dungeon |   1718 |   1690 |     28 |    939 |    448 |   3 |  572.7 |
        Temple |    198 |    173 |     25 |      0 |    173 |   1 |  198.0 |
               +--------+--------+--------+--------+--------+-----+--------+

Top non-repeatable levels by time:
     D:3: 978 daAuts
     D:5: 525 daAuts
     D:4: 214 daAuts
  Temple: 198 daAuts
